 Dungeon Crawl Stone Soup version 0.32-a0-43-g058985b245 (webtiles) character file.

Game seed: 16880260866041439585

2336 EnigmaSakura the Cudgeller (level 9, 0/88 HPs)
             Began as a Troll Fighter on Feb 4, 2024.
             Was a Believer of Kikubaaqudgha.
             Slain by a two-headed ogre
             ... wielding a +0 giant club
              (18 damage)
             ... on level 7 of the Dungeon.
             The game lasted 00:28:50 (4741 turns).

EnigmaSakura the Cudgeller (Troll Fighter)          Turns: 4741, Time: 00:28:51

Health: 0/88       AC:  6    Str: 30    XL:     9   Next: 19%
Magic:  8/8        EV: 10    Int: 10    God:    Kikubaaqudgha [**....]
Gold:   383        SH:  8    Dex:  9    Spells: 8/8 levels left

rFire   + . .        f - +2 mace (heavy)
rCold   + . .        c - +0 kite shield
rNeg    . . .        j - +2 robe {rC+ rF+}
rPois   .            (helmet restricted)
rElec   .            (no cloak)
rCorr   .            (gloves unavailable)
SInv    .            (boots unavailable)
Will    .....        (no amulet)
Stlth   +            q - +6 ring of intelligence
HPRegen 1.14/turn    (no ring)
MPRegen 0.11/turn

%: no passive effects
@: no status effects
A: large, unfitting armour, claws 3, regeneration 1, shaggy fur 1, tough skin 1,
subdued magic 2, sturdy frame 1
a: Renounce Religion, Unearth Wretches


You were on level 7 of the Dungeon.
You worshipped Kikubaaqudgha.
Kikubaaqudgha was pleased with you.
You visited 1 branch of the dungeon, and saw 7 of its levels.

You collected 383 gold pieces.

Inventory:

Hand Weapons
 f - a +2 heavy mace (weapon)
Missiles
 a - 4 boomerangs
 h - 22 stones
 i - 4 poisoned darts (quivered)
 l - 3 large rocks
Armour
 c - a +0 kite shield (worn)
 j - a +2 robe of resistance (worn)
Magical Staves
 p - a staff of earth
 r - a staff of alchemy
Jewellery
 q - a +6 ring of intelligence (left claw)
Wands
 n - a wand of polymorph (16)
Scrolls
 b - 3 scrolls of identify
 e - 3 scrolls of amnesia
 k - a scroll of revelation
 m - 2 scrolls of teleportation
Potions
 d - a potion of might
 g - a potion of lignification
 o - 2 potions of enlightenment {unknown}


   Skills:
 + Level 5.4 Fighting
 + Level 6.9 Maces & Flails
 + Level 0.2 Throwing
 + Level 4.9 Dodging
 + Level 1.3 Stealth
 + Level 5.5 Shields
 + Level 1.0 Unarmed Combat


You had 8 spell levels left.
You didn't know any spells.
Your spell library contained the following spells:

 Spells                   Type           Power      Damage    Failure   Level
 Foxfire                  Conj/Fire      0%         2x1d4     47%         1
 Kiss of Death            Conj/Necr      0%         2d5       47%         1
 Cigotuvi's Dreadful Rot  Necr/Alch/Air  0%         N/A       63%         2
 Ensorcelled Hibernation  Hex/Ice        0%         N/A       63%         2
 Sublimation of Blood     Necr           0%         N/A       63%         2
 Dazzling Flash           Conj/Hex       0%         N/A       86%         3
 Fugue of the Fallen      Necr           0%         N/A       86%         3
 Mephitic Cloud           Conj/Alch/Air  0%         N/A       86%         3
 Ozocubu's Armour         Ice            0%         N/A       86%         3
 Stone Arrow              Conj/Erth      0%         3d7       86%         3
 Volatile Blastmotes      Fire/Tloc      0%         2d10      86%         3
 Anguish                  Hex/Necr       0%         N/A       99%         4
 Animate Armour           Summ/Erth      0%         N/A       99%         4
 Animate Dead             Necr           0%         N/A       99%         4
 Curse of Agony           Necr           0%         N/A       100%        5
 Metabolic Englaciation   Hex/Ice        0%         N/A       100%        5
 Silence                  Hex/Air        0%         N/A       100%        5
 Sculpt Simulacrum        Ice/Alch       0%         N/A       100%        6
 Lehudib's Crystal Spear  Conj/Erth      0%         10d2      100%        8


Dungeon Overview and Level Annotations

Branches:
Dungeon (7/15)             Temple (0/1) D:5

Altars:
Gozag
Kikubaaqudgha
Okawaru
The Shining One

Shops:
D:5 [   D:6 !


Innate Abilities, Weirdness & Mutations

You are too large for most types of armour.
You have claws for hands.
Your natural rate of healing is unusually fast.
You are covered in fur. (AC +1)
You have tough skin. (AC +1)
Your spells are easier to cast, but less powerful.
Your movements are slightly less encumbered by armour. (ER -2)


Message History

You feel sick.
You are no longer poisoned.
Found 15 gold pieces and a spear.
Found a scroll of revelation.
There is an open door here.
Found a scroll of immolation.
The two-headed ogre shouts in stereo!
The orc wizard shouts repeatedly, as Orcs often do.
You open the door.
A sleepcap comes into view.
There is an open door here.
Found a tower shield.
The orc wizard points at you and mumbles some strange words.
You easily resist.
You sock the sleepcap!
The sleepcap is heavily damaged.
The sleepcap closely misses you.
You hit the sleepcap.
The sleepcap is severely damaged.
You block the sleepcap's attack. The sleepcap closely misses you.
The two-headed ogre hits you with a +0 giant club.
The two-headed ogre hits you with a +0 dire flail.
You bludgeon the two-headed ogre!!
The two-headed ogre is moderately wounded.
The sleepcap releases spores at you.
You are engulfed in a cloud of soporific spores!
You fall asleep.
The two-headed ogre hits you with a +0 giant club!!!!
You wake up.
Ouch! That really hurt!
* * * LOW HITPOINT WARNING * * *
The two-headed ogre barely misses you.
You feel better. The sleepcap closely misses you.
The orc wizard mumbles some strange words.
The orc wizard flickers and vanishes!
Deactivating autopickup; reactivate with Ctrl-A.
You feel better. You block the sleepcap's attack.
The two-headed ogre hits you with a +0 giant club!!
You die...
Kikubaaqudgha rasps: "You have failed me!
Welcome... death!"

#.#.. .# #.#.# .#
##.#.# .#
.#####....### .#
.....)......##.#####.
.#####....#..........
##.#.###'#######
#.#####.8####
#.##..'..'@O#
#.#..8#..#8f.#
#.#.########.# #.#
#?? [$)#'#
#.#o####+###.# #.#..
..# ######.## ##
##.......#
...####.#.#


You could see a two-headed ogre and a sleepcap.

Vanquished Creatures
  Grinder (D:5)
  2 water moccasins
  Menkaure (D:5)
  Duvessa (D:5)
  2 black bears (D:4)
  A sky beast (D:6)
  2 ogres (D:6)
  2 centaurs
  The ghost of Azoth the Insei, an amateur DjSh (D:3)
  A kobold brigand (D:7)
  2 bullfrogs
  3 scorpions
  Dowan (D:5)
  A bombardier beetle (D:4)
  2 hounds
  2 jellies
  2 orc priests
  Ijyb (D:3)
  3 iguanas
  A sleepcap (D:6)
  3 orc wizards
  3 gnolls (D:7)
  8 adders
  A white imp (D:7)
  2 ufetubi (D:5)
  A dart slug (D:3)
  9 orcs
  9 ball pythons
  5 bats
  7 endoplasms
  3 giant cockroaches
  7 goblins
  7 hobgoblins
  4 jackals (D:1)
  4 quokkas
  3 frilled lizards
  8 kobolds
  8 rats
124 creatures vanquished.

Notes
Turn   | Place    | Note
-------+----------+-------------------------------------------
     0 | D:1      | EnigmaSakura the Troll Fighter began the quest for the Orb.
     0 | D:1      | Reached XP level 1. HP: 22/22 MP: 0/0
   220 | D:1      | Reached XP level 2. HP: 14/29 MP: 1/1
   510 | D:1      | Reached skill level 2 in Maces & Flails
  1139 | D:2      | Reached XP level 3. HP: 30/36 MP: 2/2
  1521 | D:2      | Found an ancient bone altar of Kikubaaqudgha.
  1548 | D:2      | Became a worshipper of Kikubaaqudgha
  1746 | D:2      | Reached XP level 4. HP: 44/44 MP: 3/3
  2011 | D:3      | Found a transporter.
  2047 | D:3      | Noticed Ijyb
  2087 | D:3      | Killed Ijyb
  2104 | D:3      | Noticed Azoth's ghost (amateur DjSh)
  2129 | D:3      | Found a transporter.
  2152 | D:3      | Killed Azoth's ghost
  2153 | D:3      | Reached skill level 3 in Maces & Flails
  2153 | D:3      | Reached XP level 5. HP: 49/53 MP: 4/4
  2327 | D:3      | Found an opulent altar of Gozag.
  2460 | D:3      | Got the Spellbook of Destructive Immolation
  2555 | D:4      | Reached skill level 1 in Unarmed Combat
  2555 | D:4      | Reached XP level 6. HP: 48/61 MP: 5/5
  2603 | D:4      | Found a glowing golden altar of the Shining One.
  2606 | D:4      | Reached * piety under Kikubaaqudgha
  2606 | D:4      | Received a gift from Kikubaaqudgha
  2644 | D:4      | Found an iron altar of Okawaru.
  2774 | D:4      | Reached skill level 4 in Maces & Flails
  2857 | D:4      | Reached XP level 7. HP: 55/67 MP: 6/6
  2872 | D:4      | Gained mutation: Your spells are a little easier to cast,
                  | but a little less powerful. [potion of mutation]
  2872 | D:4      | Gained mutation: Your spells are easier to cast, but less
                  | powerful. [potion of mutation]
  2872 | D:4      | Gained mutation: Your movements are slightly less
                  | encumbered by armour. (ER -2) [potion of mutation]
  3025 | D:4      | Reached skill level 1 in Stealth
  3164 | D:4      | Reached skill level 5 in Maces & Flails
  3480 | D:5      | Entered Level 5 of the Dungeon
  3482 | D:5      | Found Areuneon's Antique Armour Shop.
  3497 | D:5      | Noticed Menkaure
  3504 | D:5      | Killed Menkaure
  3615 | D:5      | Reached XP level 8. HP: 78/78 MP: 7/7
  3627 | D:5      | Noticed Duvessa
  3627 | D:5      | Noticed Dowan
  3643 | D:5      | Killed Duvessa
  3646 | D:5      | Killed Dowan
  3714 | D:5      | Noticed Grinder
  3724 | D:5      | Killed Grinder
  3725 | D:5      | Reached skill level 6 in Maces & Flails
  3843 | D:5      | Found a staircase to the Ecumenical Temple.
  4008 | D:6      | Reached ** piety under Kikubaaqudgha
  4175 | D:6      | Reached skill level 5 in Shields
  4224 | D:6      | Reached skill level 5 in Fighting
  4433 | D:6      | Found Hiuhaut's Distillery.
  4464 | D:6      | Reached XP level 9. HP: 66/88 MP: 8/8
  4728 | D:7      | Noticed a two-headed ogre
  4739 | D:7      | HP: 1/88 [two-headed ogre/+0 giant club (76)]
  4741 | D:7      | Slain by a two-headed ogre

Illustrated notes

Levels and vault maps discovered:
D:1:      enne_arrival_octagon_isle, layout_loops_corners,
          minmay_misc_feat_rugged
D:2:      layout_basic, basic_altar, chequers_arboretum
D:3:      layout_rooms, overflow_temple_1_default, mainiacjoe_overflow_chevrons,
          gammafunk_ghost_arena, uniq_ijyb
D:4:      layout_loops_ring, nicolae_overflow_crystal_walls, pf_just_have_faith
D:5:      layout_rooms, minmay_temple_entry_poolview, serial_shops,
          nicolae_shop_advertising_works [nicolae_subvault_shop_adworks],
          uniq_grinder, uniq_menkaure, uniq_duvessa
D:6:      layout_basic, serial_shops, shop
D:7:      minmay_chambers_of_sixes, layout_loops_corners, minmay_small_thing,
          uniq_prince_ribbit1

Skill      XL: |  1  2  3  4  5  6  7  8 |
---------------+-------------------------+-----
Shields        | 3 4 5 |  5.5
Maces & Flails | 2 3 4 5 6 |  6.9
Dodging        | 3 4 |  4.9
Fighting       | 3 5 |  5.4
Unarmed Combat | 1 |  1.0
Stealth        | 1 |  1.3
Throwing       | |  0.2

Action                     |  1- 3 |  4- 6 |  7- 9 || total
---------------------------+-------+-------+-------++-------
  Melee: Flail             |    94 |    57 |       ||   151
         Unarmed           |       |    21 |       ||    21
         Mace              |       |    49 |   164 ||   213
  Throw: Stone             |     3 |       |       ||     3
         Dart              |       |     2 |     2 ||     4
    Use: Scroll            |     5 |     4 |     1 ||    10
         Potion            |     1 |       |     6 ||     7
   Stab: Sleeping          |       |     1 |       ||     1
 Armour: Robe              |    60 |    76 |   144 ||   280
         Skin              |       |    31 |       ||    31
  Dodge: Dodged            |    29 |    82 |    71 ||   182
  Block: Kite shield       |    41 |    63 |    95 ||   199

Table legend: (Time is in decaauts)
 A = Elapsed time spent in this place.
 B = Non-inter-level travel time spent in this place.
 C = Inter-level travel time spent in this place.
 D = Time resting spent in this place.
 E = Time spent auto-exploring this place.
 F = Levels seen in this place.
 G = Mean time per level.
                   A        B        C        D        E       F      G
               +--------+--------+--------+--------+--------+-----+--------+
         Total |   4970 |   1268 |   3702 |      0 |      0 |   7 |  710.0 |
       Dungeon |   4970 |   1268 |   3702 |      0 |      0 |   7 |  710.0 |
               +--------+--------+--------+--------+--------+-----+--------+

Top non-repeatable levels by time:
     D:1: 1091 daAuts
     D:4: 1031 daAuts
     D:2: 922 daAuts
     D:6: 712 daAuts
     D:3: 562 daAuts
     D:5: 464 daAuts
     D:7: 186 daAuts
